 Dungeon Crawl Stone Soup version 0.31.0-9-g3a7656b989 (webtiles) character file.

Game seed: 15834651290781532545

14329 AlmostDecent the Severer (level 12, -4/75 HPs)
             Began as a Gargoyle Fighter on Jan 24, 2024.
             Was a Priest of Makhleb.
             Slain by a cyclops (22 damage)
             ... on level 11 of the Dungeon.
             The game lasted 00:43:05 (9186 turns).

AlmostDecent the Severer (Gargoyle Fighter)         Turns: 9186, Time: 00:43:06

Health: -4/75      AC: 15    Str: 27    XL:     12   Next: 15%
Magic:  12/12      EV:  8    Int: 15    God:    Makhleb [***...]
Gold:   690        SH: 11    Dex:  9    Spells: 11/11 levels left

rFire   + + .        B - +1 war axe (freeze)
rCold   + . .        f - +0 tower shield
rNeg    + . .        u - +0 ring mail of the Evening Star {rF++ Str+2}
rPois   ∞            (no helmet)
rElec   +            (no cloak)
rCorr   .            (no gloves)
SInv    .            g - +0 pair of boots of the Moon Troll {rC+ Regen+}
Will    .....        h - amulet of regeneration
Stlth   +            q - +6 ring of intelligence
HPRegen 1.92/turn    (no ring)
MPRegen 0.13/turn

%: no passive effects
@: no status effects
A: sickness immunity, AC +8, negative energy resistance 1, electricity
resistance, torment resistance 1, petrification resistance
a: Renounce Religion, Minor Destruction, Lesser Servant of Makhleb


You were on level 11 of the Dungeon.
You worshipped Makhleb.
Makhleb was most pleased with you.
You visited 2 branches of the dungeon, and saw 12 of its levels.
You also visited: Sewer and Bailey.

You collected 690 gold pieces.

Inventory:

Hand Weapons
 a - a +0 war axe
 p - the +8 quarterstaff of the Fool {vamp, rN++}
   (You found it on level 3 of the Dungeon)

   rN++:      It greatly protects you from negative energy.
 A - a +2 war axe of flaming
 B - a +1 war axe of freezing (weapon)
 F - the +10 short sword "Oqoqo" {venom, Dex+2}
   (You took it off a deep elf pyromancer on level 9 of the Dungeon)

   Dex+2:     It affects your dexterity (+2).
 M - the +4 short sword "Zovvapn" {flame, rCorr Dex-4 SInv}
   (You found it on level 10 of the Dungeon)

   Dex-4:     It affects your dexterity (-4).
   SInv:      It lets you see invisible.
   rCorr:     It protects you from acid and corrosion.
Missiles
 D - a throwing net (quivered)
Armour
 d - a +2 pair of boots of flying
 f - a +0 tower shield (worn)
 g - the +0 pair of boots of the Moon Troll (worn) {rC+ Regen+}
   (You acquired it on level 4 of the Dungeon)

   rC+:       It protects you from cold.
   Regen+:    It increases your rate of health regeneration.
 u - the +0 ring mail of the Evening Star (worn) {rF++ Str+2}
   (You found it in a bailey)

   Str+2:     It affects your strength (+2).
   rF++:      It greatly protects you from fire.
Jewellery
 h - an amulet of regeneration (around neck)
 q - a +6 ring of intelligence (left hand)
 H - an amulet of reflection
Wands
 c - a wand of digging (4)
 x - a wand of mindburst (13)
 y - a wand of flame (30)
 L - a wand of polymorph (6)
Scrolls
 i - 2 scrolls of fog
 j - 4 scrolls of revelation
 k - a scroll of fear
 l - 2 scrolls of silence
 m - a scroll of enchant weapon
 r - 5 scrolls of teleportation
 z - 6 scrolls of enchant armour
 I - a scroll of poison
 N - a scroll of blinking
 O - a scroll of immolation
 P - a scroll of amnesia
Potions
 e - 5 potions of mutation
 o - 5 potions of curing
 s - 2 potions of brilliance
 t - a potion of invisibility
 v - a potion of heal wounds
 w - 2 potions of lignification
 K - a potion of attraction {unknown}


   Skills:
 + Level 8.7 Fighting
 * Level 15.6 Axes
 - Level 4.3 Staves
 - Level 3.2 Armour
 + Level 2.2 Stealth
 - Level 3.2 Shields


You had 11 spell levels left.
You didn't know any spells.
Your spell library contained the following spells:

 Spells                   Type           Power      Damage    Failure   Level
 Call Imp                 Summ           0%         N/A       96%         2
 Ensorcelled Hibernation  Hex/Ice        0%         N/A       96%         2
 Passwall                 Erth           0%         N/A       99%         3
 Swiftness                Air            0%         N/A       99%         3
 Summon Hydra             Summ           0%         N/A       100%        7
 Sublimation of Blood     Necr           Unusable   N/A       N/A         2

Dungeon Overview and Level Annotations

Branches:
Dungeon (11/15)            Temple (1/1) D:7             Orc (0/2) D:10
  Sewer (visited)          Bailey (visited)
   Lair: D:8-11

Altars:
Ashenzari
Cheibriados
Dithmenos
Elyvilon
Fedhas
Gozag
Hepliaklqana
Kikubaaqudgha
Makhleb
Nemelex Xobeh
Okawaru
Qazlal
Ru
Sif Muna
Trog
Uskayaw
Vehumet
Wu Jian
Xom
Yredelemnul
Zin
The Shining One

Shops:
D:4 =   D:6 (   D:8 (

Annotations:
D:8 1 runed translucent door, Cadnt's ghost, novice MiHu


Innate Abilities, Weirdness & Mutations

You are immune to sickness and miasma.
Your stone body is resilient. (AC +8)
You are immune to poison.
You resist negative energy. (rN+)
You are resistant to electric shocks. (rElec)
You are resistant to unholy torment.
You are immune to petrification.


Message History

Deactivating autopickup; reactivate with Ctrl-A.
You closely miss the vampire.
The vampire casts a spell.
The vampire flickers and vanishes!
You slash something! You freeze something. You block something's attack.
Something completely misses you.
The electric eel shoots out a bolt of lightning at you!
The bolt of electricity hits something!
The bolt of electricity hits you. You resist.
You hear a shout!
You barely miss something.
A cyclops comes into view.
You block something's attack. Something bites you.
The shadow strikes at you from the darkness!
Something hits you! Something bites you. You block the cyclops's attack.
You hit the cyclops. You freeze the cyclops.
The cyclops is lightly wounded.
You slash something! You hit something but do no damage.
The shadow strikes at you from the darkness!
Reactivating autopickup.
Something hits you.
Deactivating autopickup; reactivate with Ctrl-A.
Something bites you.
You are too injured to fight recklessly!
You are too injured to fight recklessly!
You completely miss the cyclops.
The cyclops is lightly wounded.
You hit the shadow but do no damage. You hit something but do no damage.
The electric eel shoots out a bolt of lightning at you!
The bolt of electricity hits the shadow!
The bolt of electricity hits you. You resist. The bolt of electricity hits you.
You resist. The shadow hits you! The cyclops hits you!
* * * LOW HITPOINT WARNING * * *
Something hits you but does no damage. You block something's attack.
You hit the cyclops. You freeze the cyclops.
The cyclops is lightly wounded.
You hit the shadow but do no damage. You hit something.
You block the shadow's attack. Something hits you but does no damage.
You block something's attack. The cyclops hits you!!
You die...

...~≈~....#
..~≈~≈~...#
..~~~~~...
..~~~≈~..#
..~≈~~~..#
...~..S..####..
......W........
#{@C.# #.##.# #
#####.## #
###.#......#.##
......###.....##.
#.....<[........
#..#######...#.#
#.## # .#


You could see a cyclops, a shadow and an electric eel.

Vanquished Creatures
  A boulder beetle (D:8)
  A two-headed ogre (D:10)
  Pikel (D:6)
  An orc knight (Bailey)
  2 deep elf pyromancers
  Maurice (D:8)
  A gargoyle (D:9)
  Jeremiah (D:6)
  An efreet (D:9)
  An unseen horror (D:10)
  2 trolls (D:10)
  2 hornets (D:9)
  11 yaks
  A wraith (D:9)
  3 wyverns (D:9)
  Eustachio (D:6)
  4 steam dragons
  2 acid dragons
  Edmund (D:4)
  2 water moccasins
  2 ice beasts
  A sky beast (D:7)
  3 black bears
  11 orc warriors
  8 centaurs
  6 kobold brigands
  4 phantoms
  A bullfrog (D:7)
  2 scorpions
  13 wights
  3 killer bees (D:9)
  9 howler monkeys
  2 bombardier beetles (D:4)
  6 electric eels (D:10)
  2 hounds
  8 orc priests
  3 jellies
  A gnoll bouda (D:5)
  Terence (D:3)
  3 iguanas
  11 orc wizards
  4 sleepcaps
  Robin (D:3)
  5 gnolls (D:5)
  2 river rats (Sewer)
  12 adders
  A shadow imp (D:7)
  3 white imps
  2 ufetubi (D:6)
  2 dart slugs
  5 ribbon worms
  43 orcs
  7 ball pythons
  14 endoplasms
  6 giant cockroaches
  14 hobgoblins
  4 jackals (D:4)
  14 kobolds
  4 quokkas
  4 bats
  4 frilled lizards
  18 goblins
  8 rats
317 creatures vanquished.

Vanquished Creatures (others)
  An orc wizard (D:7)
  4 orcs (D:7)
5 creatures vanquished.

Grand Total: 322 creatures vanquished

Notes
Turn   | Place    | Note
-------+----------+-------------------------------------------
     0 | D:1      | AlmostDecent the Gargoyle Fighter began the quest for the
                  | Orb.
     0 | D:1      | Reached XP level 1. HP: 14/14 MP: 1/1
    22 | D:1      | Reached skill level 2 in Axes
    79 | D:1      | Reached XP level 2. HP: 19/19 MP: 2/2
   467 | D:1      | Reached XP level 3. HP: 24/24 MP: 3/3
  1016 | D:2      | Reached skill level 3 in Axes
  1090 | D:2      | Reached XP level 4. HP: 29/29 MP: 4/4
  1263 | D:3      | Noticed Terence
  1274 | D:3      | Killed Terence
  1406 | D:3      | Reached skill level 4 in Axes
  1406 | D:3      | Reached XP level 5. HP: 33/33 MP: 5/5
  1457 | D:3      | Identified the +8 quarterstaff of the Fool {vamp, rN++}
  1640 | D:3      | Noticed Robin
  1676 | D:3      | Killed Robin
  1783 | D:4      | Noticed Edmund
  1797 | D:4      | Killed Edmund
  1798 | D:4      | Reached skill level 5 in Axes
  1798 | D:4      | Reached skill level 1 in Staves
  1798 | D:4      | Reached XP level 6. HP: 17/39 MP: 6/6
  1969 | D:4      | Noticed a black bear
  1975 | D:4      | Killed a black bear
  2072 | D:4      | Reached XP level 7. HP: 39/44 MP: 7/7
  2094 | D:4      | Reached skill level 6 in Axes
  2237 | D:4      | Identified a scroll of acquirement
  2237 | D:4      | Acquired the +0 pair of boots of the Moon Troll {rC+
                  | Regen+}
  2342 | D:4      | Found Pataos's One-of-a-Kind Rings.
  2364 | D:4      | Reached skill level 5 in Fighting
  2364 | D:4      | Reached skill level 7 in Axes
  2467 | D:4      | Reached XP level 8. HP: 49/49 MP: 8/8
  2590 | D:5      | Entered Level 5 of the Dungeon
  2594 | D:5      | Found a hazy altar of Hepliaklqana.
  2718 | D:5      | Found a snail-covered altar of Cheibriados.
  2719 | D:5      | Found a stormy altar of Qazlal.
  2721 | D:5      | Found an iron altar of Okawaru.
  3270 | D:5      | Reached skill level 8 in Axes
  3727 | D:6      | Noticed Eustachio
  3727 | D:6      | Noticed Jeremiah
  3746 | D:6      | Killed Eustachio
  3751 | D:6      | Killed Jeremiah
  3752 | D:6      | Reached skill level 9 in Axes
  3752 | D:6      | Reached XP level 9. HP: 44/55 MP: 9/9
  3781 | D:6      | Found Ziukuyst's Antique Weapon Boutique.
  3868 | D:6      | Found a glowing drain.
  3885 | Sewer    | Entered a sewer
  4382 | Sewer    | Reached skill level 10 in Axes
  4795 | D:6      | Noticed Pikel
  4801 | D:6      | Killed Pikel
  4802 | D:6      | Reached skill level 11 in Axes
  4982 | D:6      | Reached skill level 1 in Stealth
  4982 | D:6      | Reached XP level 10. HP: 60/60 MP: 10/10
  5403 | D:7      | Found a staircase to the Ecumenical Temple.
  5452 | Temple   | Entered the Ecumenical Temple
  5462 | Temple   | Became a worshipper of Makhleb the Destroyer
  5946 | D:8      | Found a runed translucent door.
  5949 | D:8      | Noticed Maurice
  5951 | D:8      | Noticed Cadnt's ghost (novice MiHu)
  5951 | D:8      | Noticed a boulder beetle
  5968 | D:8      | Something stole the +8 quarterstaff of the Fool {vamp,
                  | rN++}
  5970 | D:8      | Something stole 175 gold
  5994 | D:8      | Identified the +0 ring mail of Sloth {rElec rF+++ Will+
                  | Slay-2}
  6045 | D:8      | Found a flagged portal.
  6056 | D:8      | Reached skill level 12 in Axes
  6076 | Bailey   | Entered a bailey
  6133 | Bailey   | Reached * piety under Makhleb
  6153 | Bailey   | Noticed an orc knight
  6180 | Bailey   | Killed an orc knight
  6220 | Bailey   | Found a large runed translucent door.
  6220 | Bailey   | Found a large runed translucent door.
  6221 | Bailey   | Noticed a deep elf pyromancer
  6244 | Bailey   | Killed a deep elf pyromancer
  6245 | Bailey   | Reached skill level 13 in Axes
  6255 | Bailey   | Identified the +0 ring mail of the Evening Star {rF++
                  | Str+2}
  6544 | D:8      | Found Oranu's Antique Weapon Boutique.
  6733 | D:8      | Killed a boulder beetle
  6734 | D:8      | Reached XP level 11. HP: 41/67 MP: 11/11
  6853 | D:8      | Maurice stole an amulet of magic regeneration
  6857 | D:8      | Killed Maurice
  7357 | D:9      | Identified the +10 short sword "Oqoqo" {venom, Dex+2}
  7357 | D:9      | Noticed a deep elf pyromancer
  7365 | D:9      | Killed a deep elf pyromancer
  7366 | D:9      | Reached skill level 14 in Axes
  7375 | D:9      | Reached ** piety under Makhleb
  7884 | D:9      | Reached skill level 15 in Axes
  7888 | D:9      | Reached *** piety under Makhleb
  8314 | D:10     | Entered Level 10 of the Dungeon
  8375 | D:10     | Reached XP level 12. HP: 75/75 MP: 12/12
  8391 | D:10     | Identified the +4 short sword "Zovvapn" {flame, rCorr Dex-4
                  | SInv}
  8677 | D:10     | Found a staircase to the Orcish Mines.
  8737 | D:10     | Noticed a two-headed ogre
  8745 | D:10     | Killed a two-headed ogre
  9186 | D:11     | Slain by a cyclops

Illustrated notes

Levels and vault maps discovered:
D:1:      roadster_arrival_rocket_small, layout_loops_cross
D:2:      layout_rooms, kennysheep_path_1, serial_bayou_pond_a, st_stairs_8,
          minivault_11
D:3:      layout_rooms, minmay_misc_feat_enclosed, due_unseen_surprise,
          uniq_terence, uniq_robin
D:4:      layout_gridville, nicolae_shop_unique_rings, uniq_edmund
D:5:      layout_gridville, mainiacjoe_overflow_concentric_impassable,
          gammafunk_temple_overflow_forgotten, serial_co_window_serial,
          co_window_of_opportunity_a, co_window_paths_a, co_window_paths_b,
          co_window_paths_b, co_window_paths_a, co_window_broadway_a,
          co_window_broadway_a, co_window_2corner, co_window_4corner_a,
          co_window_paths_d
D:6:      layout_basic, serial_shops, nicolae_shop_rolling_square,
          portal_sewer_entry_d, minmay_a_box_with_orc_wizards_in_it, uniq_pikel,
          uniq_jeremiah, uniq_eustachio
D:7:      minmay_inner_zag, layout_loops_cross, minmay_temple_entry_grid,
          st_stairs_2
D:8:      layout_loops_ring, ebering_ghost_reflecting_pool, enter_bailey_2,
          serial_shops, nicolae_shop_behind_doors, uniq_maurice
D:9:      cheibrodos_ideogram_h, layout_loops_corners
D:10:     layout_basic, orc_0_dummy
D:11:     layout_loops_ring, lair_entry_dummy, serial_ice, serial_ice_e,
          serial_ice_l, serial_ice_n, serial_ice_g, serial_ice_m, serial_ice_f,
          portal_ice_cave_entry_pillars_2
Temple:   dpeg_three_leaves_temple

Skill      XL: |  1  2  3  4  5  6  7  8  9 10 11 |
---------------+----------------------------------+-----
Axes           | 2 3 4 5 7 9 11 13 15 | 15.6
Fighting       | 4 5 6 7 8 |  8.7
Staves         | 1 2 3 4 |  4.3
Stealth        | 1 2 |  2.2
Armour         | |  3.2
Shields        | |  3.2

Action                     |  1- 3 |  4- 6 |  7- 9 | 10-12 || total
---------------------------+-------+-------+-------+-------++-------
  Melee: War axe           |    99 |   126 |   445 |   533 ||  1203
         Quarterstaff      |       |    15 |       |       ||    15
  Throw: Throwing net      |       |       |       |     1 ||     1
    Use: Potion            |       |     1 |     1 |    10 ||    12
         Scroll            |       |       |    10 |    12 ||    22
 Armour: Scale mail        |    70 |   124 |   350 |   122 ||   666
         Ring mail         |       |       |       |   321 ||   321
  Dodge: Dodged            |    38 |    57 |   134 |   142 ||   371
  Block: Buckler           |     5 |       |       |       ||     5
         Tower shield      |    49 |    63 |   330 |   297 ||   739
